 Dungeon Crawl Stone Soup version 0.26.1-11-gd32895ea62 (webtiles) character file.

Game seed: 17815251433319031767

354 infcreate the Sneak (level 6, -3/34 HPs)
             Began as a Vampire Enchanter on Apr 18, 2021.
             Slain by an orc priest
             ... wielding a +0 hand axe of flaming
              (8 damage)
             ... on level 4 of the Dungeon.
             The game lasted 00:11:42 (4336 turns).

infcreate the Sneak (Vampire Enchanter)             Turns: 4336, Time: 00:11:42

Health: -3/34      AC:  3    Str:  7    XL:     6   Next: 35%
Magic:  0/10       EV: 14    Int: 17    God:
Gold:   156        SH:  0    Dex: 17    Spells: 5/11 levels left

rFire    . . .     SeeInvis +   a - +1 dagger
rCold    + + .     Faith    .   (no shield)
rNeg     + + +     Spirit   .   b - +0 robe
rPois    ∞         Reflect  .   (no helmet)
rElec    .         Harm     .   (no cloak)
rCorr    .         Rampage  .   k - +0 pair of gloves
Will     .....                  (no boots)
Stlth    +++++.....             (no amulet)
HPRegen  0.00/turn              (no ring)
MPRegen  0.12/turn              (no ring)

@: bloodless
A: fangs 3, see invisible, unbreathing
a: Bat Form, Revivify


You were on level 4 of the Dungeon.
You visited 1 branch of the dungeon, and saw 4 of its levels.

You collected 156 gold pieces.


Innate Abilities, Weirdness & Mutations

You do not regenerate when monsters are visible.
You are frail without blood (-20% HP).
You can heal yourself when you bite living creatures.
You are immune to poison.
You have razor-sharp teeth.
You have supernaturally acute eyesight. (SInv)
You can survive without breathing.


   Skills:
 + Level 1.2 Fighting
 * Level 2.9 Short Blades
 * Level 3.7 Dodging
 * Level 6.2 Stealth
 * Level 3.1 Spellcasting
 * Level 6.0 Hexes


You had 5 spell levels left.
You knew the following spells:

 Your Spells              Type           Power        Failure   Level
c - Corona                Hex            25%          1%          1
e - Ensorcelled Hibernat  Hex/Ice        26%          8%          2
t - Confusing Touch       Hex            23%          4%          3

Your spell library contained the following spells:

 Spells                   Type           Power        Failure   Level
 Tukima's Dance           Hex            23%          4%          3
 Dazzling Flash           Conj/Hex       26%          16%         3

Inventory:

Hand Weapons
 a - a +1 dagger (weapon)
 j - a +0 rapier
Missiles
 n - 2 throwing nets {=f}
Armour
 b - a +0 robe (worn)
 k - a +0 pair of gloves (worn)
Wands
 f - a wand of disintegration (15)
Scrolls
 d - a scroll of identify {@r1}
 i - 2 scrolls of remove curse {@r2}
 m - 2 scrolls of teleportation {unknown}
 p - a scroll of blinking {unknown}
Potions
 c - a potion of invisibility {unknown}
 e - a potion of degeneration {unknown}
 g - a potion of magic {unknown}
 h - a potion of heal wounds {unknown}
 l - a potion of curing {unknown}
 o - a potion of experience {unknown}
 q - 2 potions of cancellation {unknown}

Dungeon Overview and Level Annotations

Branches:
Dungeon (4/15)
 Temple: D:4-7

Altars:

##.#..#########...#
.#.............##..
##.#######........
#.# #..#####. #.#
###..#####.# #.#
#.......[... #.▒
#.#........# #.+
▒##o##.####### #.▒
▒.@)##.# ######.#
#.# ..# ###


You could see an orc priest (confused).


Message History

The orc priest completely misses you.
Casting: Ensorcelled Hibernation (safe; 8% risk of failure)
Confirm with . or Enter, or press ? or * to list all spells.
Your hands begin to glow red.
The orc priest hits you with a +0 hand axe of flaming.
The orc priest burns you.
You hit the orc priest but do no damage.
Your bite misses the orc priest.
The orc priest is heavily wounded.
The orc priest hits you with a +0 hand axe of flaming.
* * * LOW HITPOINT WARNING * * *
The orc priest burns you.
* * * LOW HITPOINT WARNING * * *
You hit the orc priest but do no damage.
The orc priest is heavily wounded.
The orc priest closely misses you.
You barely miss the orc priest.
The orc priest is heavily wounded.
You hit the orc priest but do no damage.
The orc priest appears confused.
The orc priest is heavily wounded.
The orc priest hits you with a +0 hand axe of flaming.
* * * LOW HITPOINT WARNING * * *
The orc priest burns you.
* * * LOW HITPOINT WARNING * * *
Items here: )) [[ †.
You hit the orc priest.
The orc priest is heavily wounded.
The orc priest hits you with a +0 hand axe of flaming!
You die...

Skill      XL: |  1  2  3  4  5  6 |
---------------+-------------------+-----
Hexes          | 5 6 |  6.0
Stealth        | 5 6 |  6.2
Short Blades   | 2 |  2.9
Dodging        | 3 |  3.7
Fighting       | 1 |  1.2
Spellcasting   | 3 |  3.1

Action                   |  1- 3 |  4- 6 || total
-------------------------+-------+-------++-------
Melee: Dagger            |    64 |   128 ||   192
       Bite              |     6 |    13 ||    19
 Cast: Corona            |     9 |     4 ||    13
       Ensorcelled Hiber |    23 |    39 ||    62
       Confusing Touch   |       |     7 ||     7
 Abil: Exsanguinate      |     1 |       ||     1
  Use: Scroll            |     1 |     2 ||     3
 Stab: Sleeping          |    26 |    35 ||    61
       Confused          |       |     6 ||     6
Armor: Robe              |     9 |    10 ||    19
Dodge: Dodged            |    22 |    75 ||    97

Levels and vault maps discovered:
D:1:      wheals_arrival_linesprint, layout_basic
D:2:      layout_loops_cross, minmay_misc_feat_square
D:3:      layout_loops_ring
D:4:      kennysheep_spiral_hall, layout_loops_ring, kennysheep_mini

Notes
Turn   | Place    | Note
-------+----------+-------------------------------------------
     0 | D:1      | infcreate the Vampire Enchanter began the quest for the
                  | Orb.
     0 | D:1      | Reached XP level 1. HP: 13/13 MP: 3/3
   417 | D:1      | Reached XP level 2. HP: 12/15 MP: 1/5
   420 | D:1      | Learned a level 2 spell: Ensorcelled Hibernation
  1146 | D:1      | Reached XP level 3. HP: 19/19 MP: 1/6
  1352 | D:1      | Reached skill level 5 in Hexes
  1791 | D:2      | Reached skill level 5 in Stealth
  1800 | D:2      | Learned a level 3 spell: Confusing Touch
  1923 | D:2      | Reached XP level 4. HP: 24/24 MP: 3/7
  2064 | D:2      | Reached skill level 2 in Short Blades
  2347 | D:2      | Reached skill level 3 in Dodging
  3375 | D:3      | Reached XP level 5. HP: 28/28 MP: 4/9
  3459 | D:3      | Reached skill level 1 in Fighting
  3807 | D:3      | Reached skill level 6 in Stealth
  3807 | D:3      | Reached skill level 3 in Spellcasting
  4032 | D:3      | Reached XP level 6. HP: 33/34 MP: 6/10
  4277 | D:4      | Reached skill level 6 in Hexes
  4336 | D:4      | Slain by an orc priest

Vanquished Creatures
  A hound (D:4)
  An orc priest (D:3)
  5 orc wizards
  3 gnolls (D:2)
  2 adders (D:2)
  2 oozes
  2 worms (D:3)
  4 dart slugs
  14 orcs
  2 giant cockroaches (D:1)
  9 goblins
  7 hobgoblins
  2 jackals (D:1)
  5 kobolds
  2 quokkas
  2 ball pythons
  8 bats
  5 frilled lizards
  9 rats
85 creatures vanquished.

Table legend: (Time is in decaauts)
 A = Elapsed time spent in this place.
 B = Non-inter-level travel time spent in this place.
 C = Inter-level travel time spent in this place.
 D = Time resting spent in this place.
 E = Time spent auto-exploring this place.
 F = Levels seen in this place.
 G = Mean time per level.
                   A        B        C        D        E       F      G
               +--------+--------+--------+--------+--------+-----+--------+
         Total |   4318 |   4233 |     85 |    171 |   3132 |   4 | 1079.5 |
       Dungeon |   4318 |   4233 |     85 |    171 |   3132 |   4 | 1079.5 |
               +--------+--------+--------+--------+--------+-----+--------+

Top non-repeatable levels by time:
     D:1: 1631 daAuts
     D:3: 1366 daAuts
     D:2: 1126 daAuts
     D:4: 194 daAuts

Table legend:
 A = Non-vault XP
 B = Vault XP
 C = Vault XP percentage of total XP
 D = Non-vault monster count
 E = Vault monster count
 F = Vault count percentage of total count
                 A         B        C        D         E       F
            +---------+---------+-------+---------+---------+-------
      Total |     506 |       0 |   0.0 |      85 |       0 |   0.0
            +---------+---------+-------+---------+---------+-------
        D:1 |      53 |       0 |   0.0 |      29 |       0 |   0.0
        D:2 |     101 |       0 |   0.0 |      20 |       0 |   0.0
        D:3 |     261 |       0 |   0.0 |      30 |       0 |   0.0
        D:4 |      91 |       0 |   0.0 |       6 |       0 |   0.0
            +---------+---------+-------+---------+---------+-------
